 Dungeon Crawl Stone Soup version 0.32-a0-485-g70f7560b1c (webtiles) character file.

Game seed: 18380927230744463592

34 Aldia the Scratcher (level 3, -2/18 HPs)
             Began as a Felid Shapeshifter on Feb 26, 2024.
             Slain by a rat (3 damage)
             ... on level 2 of the Dungeon.
             The game lasted 00:00:48 (507 turns).

Aldia the Scratcher (Felid Shapeshifter)             Turns: 507, Time: 00:00:48

Health: -2/18      AC:  1    Str: 10    XL:     3   Next: 14%
Magic:  4/4        EV: 23    Int: 13    God:
Gold:   3          SH:  0    Dex: 17    Spells: 2/2 levels left
                                        Lives:  0   Deaths: 1

rFire   . .          .
                       - Unarmed
rCold   . . .        (shield unavailable)
rNeg    . . .        (body armour unavailable)
rPois   .            (helmet unavailable)
rElec   .            (cloak unavailable)
rCorr   .            (gloves unavailable)
SInv    +            (boots unavailable)
Will    .....        (no amulet)
Stlth   ++           d - +5 ring of evasion
HPRegen 0.23/turn    (no ring)
MPRegen 0.09/turn

%: no passive effects
@: lethally poisoned (-2 -> -22), beast-form
A: beast (slay +1), very small, claws 1, fangs 3, see invisible, shaggy fur 1,
stealthy paws, no weapons or thrown items, no armour, multi-lived
a: Begin Untransformation


You were on level 2 of the Dungeon.
You were a hulking beast.
You visited 1 branch of the dungeon, and saw 2 of its levels.

You collected 3 gold pieces.

Inventory:

Jewellery
 d - a +5 ring of evasion (left paw)
Talismans
 b - a beast talisman (active)
 c - a flux talisman
Scrolls
 e - a scroll of poison {unknown}
 g - a scroll of identify {unknown}
 h - a scroll of enchant armour {unknown}
Potions
 a - a potion of lignification
 f - a potion of curing {unknown}


   Skills:
 + Level 1.5 Fighting
 + Level 3.2 Dodging
 * Level 3.5 Unarmed Combat
 + Level 2.9 Shapeshifting


You had 2 spell levels left.
You didn't know any spells.
Your spell library was empty.

Dungeon Overview and Level Annotations

Branches:
Dungeon (2/15)

Altars:


Innate Abilities, Weirdness & Mutations

You are a hulking beast.
Your limbs bulge with bestial killing power. (Slay +1)
You have sharp claws.
You have razor-sharp teeth.
You have supernaturally acute eyesight. (SInv)
You are covered in fur. (AC +1)
Your paws help you pounce on unaware monsters.
You are incapable of wielding weapons or throwing items.
You cannot wear armour.
You gain extra lives every three experience levels.


Message History

A scorpion is nearby!
A rat and a kobold come into view.
The rat squeaks loudly.
The kobold moves out of view.
Found a scroll labelled LAEPRERRIU.
The kobold shouts!
You scratch the scorpion.
The scorpion is moderately wounded.
The rat closely misses you. The scorpion misses you.
You claw the scorpion!
The scorpion is severely wounded.
The rat completely misses you. The scorpion completely misses you.
You barely miss the scorpion.
The scorpion is severely wounded.
The scorpion barely misses you. The rat bites you but does no damage.
You closely miss the scorpion.
The scorpion is severely wounded.
The scorpion stings you.
You are poisoned.
The scorpion poisons you! The rat misses you.
You completely miss the scorpion.
The scorpion is severely wounded.
You feel very sick. The scorpion completely misses you. The rat misses you.
You scratch the scorpion.
The scorpion is severely wounded.
You feel sick. The scorpion stings you.
You are lethally poisoned!
The scorpion poisons you! The rat completely misses you.
The scorpion stings you.
* * * LOW HITPOINT WARNING * * *
You are more poisoned.
The scorpion poisons you!
You barely miss the scorpion. Your bite misses the scorpion.
The scorpion is severely wounded.
* * * LOW HITPOINT WARNING * * *
You feel very sick.
The rat twitches its whiskers.
The rat bites you.
You die...

#### #..# ##
###..#### ###...
$.......###.... .
#..##.)#..# ...
#....#...##
.....##..#....<>#
#...Krh....###.......
#....s.....# ###....
##.........# ###
#........#..#
?..............
.###.....#.....#
#...).#.....#
#.........###


You could see a scorpion, a kobold and a rat.

Vanquished Creatures
  A dart slug (D:1)
  A ball python (D:1)
  6 bats (D:1)
  3 endoplasms
  3 giant cockroaches (D:1)
  5 goblins (D:1)
  2 hobgoblins (D:1)
  2 quokkas (D:1)
  2 frilled lizards (D:1)
  A kobold (D:2)
  A rat (D:1)
27 creatures vanquished.

Notes
Turn   | Place    | Note
-------+----------+-------------------------------------------
     0 | D:1      | Aldia the Felid Shapeshifter began the quest for the Orb.
     0 | D:1      | Reached XP level 1. HP: 10/10 MP: 2/2
    66 | D:1      | Frozen to death by an endoplasm
    66 | D:1      | Lost a life (0 lives remaining)
   142 | D:1      | Reached XP level 2. HP: 14/14 MP: 3/3
   390 | D:1      | Reached XP level 3. HP: 15/18 MP: 4/4
   497 | D:2      | Noticed a scorpion
   507 | D:2      | Slain by a rat

Illustrated notes

Levels and vault maps discovered:
D:1:      wander_arrival_desolate, layout_rooms, minmay_tromino_v4_a
D:2:      layout_rooms

Skill      XL: |  1  2 |
---------------+-------+-----
Dodging        | 3 |  3.2
Fighting       | |  1.5
Unarmed Combat | |  3.5
Shapeshifting  | |  2.9

Action                     || total
---------------------------++-------
  Melee: Unarmed           ||    67
         Bite              ||     2
         Punch             ||     1
 Armour: Skin              ||    19
  Dodge: Dodged            ||    68

Table legend: (Time is in decaauts)
 A = Elapsed time spent in this place.
 B = Non-inter-level travel time spent in this place.
 C = Inter-level travel time spent in this place.
 D = Time resting spent in this place.
 E = Time spent auto-exploring this place.
 F = Levels seen in this place.
 G = Mean time per level.
                   A        B        C        D        E       F      G
               +--------+--------+--------+--------+--------+-----+--------+
         Total |    502 |    501 |      1 |      0 |    367 |   2 |  251.0 |
       Dungeon |    502 |    501 |      1 |      0 |    367 |   2 |  251.0 |
               +--------+--------+--------+--------+--------+-----+--------+

Top non-repeatable levels by time:
     D:1: 474 daAuts
     D:2: 28 daAuts
